Philadelphia Flyers vs Nashville Predators
Created - Wednesday, April 24, 2024 at 06:57
Goals
|
| Philadelphia Flyers |
1 |
1 |
1 |
0 |
1 |
4 |
| Nashville Predators |
0 |
1 |
2 |
0 |
0 |
3 |
|
Shots
|
| Philadelphia Flyers |
24 |
10 |
9 |
3 |
5 |
46 |
| Nashville Predators |
9 |
14 |
13 |
1 |
5 |
37 |
|
1st period
1. Philadelphia Flyers , Jesper Fast 9 (Sonny Milano 13, Artem Zub 4) at 16:55
Penalties :
Morgan Frost (NSH) for Roughing (Minor) at 7:24, Henri Jokiharju (NSH) for Slashing (Minor) at 14:24, Radek Faksa (PHI) for Roughing (Minor) at 17:15
2nd period
2. Nashville Predators , Alexander Alexeyev 4 (Thomas Novak 24, Jacob Peterson 30) at 7:20
3. Philadelphia Flyers , Auston Matthews 22 (Matt Duchene 20, Erik Gustafsson 8) at 16:09 (PP)
Penalties :
Kevin Labanc (NSH) for Hooking (Minor) at 1:04, Henri Jokiharju (NSH) for Tripping (Minor) at 9:21, Patrick Maroon (NSH) for Hooking (Minor) at 15:17
3rd period
4. Nashville Predators , Brett Leason 2 (Justin Braun 3, Patrick Maroon 7) at 8:17
5. Philadelphia Flyers , Matt Duchene 16 (Artem Zub 5) at 8:37
6. Nashville Predators , Zemgus Girgensons 8 (Alex Newhook 10, Corey Perry 13) at 16:19
Penalties :
Ethan Bear (NSH) for Roughing (Minor) at 4:37, Bryan Rust (PHI) for Hooking (Minor) at 10:47, Morgan Frost (NSH) for Boarding (Minor) at 17:39, Erik Gustafsson (PHI) for Interference (Minor) at 17:55
Overtime #1
No Goal
Penalties :
No Penalty
Shootout
Philadelphia Flyers, Auston Matthews - Shot Misses the Net
Nashville Predators, Jacob Peterson - Shot Misses the Net
Philadelphia Flyers, Matt Duchene - Stopped by Samuel Ersson
Nashville Predators, Jakub Voracek - Stopped by Craig Anderson
Philadelphia Flyers, Marcus Johansson - Shot Misses the Net
Nashville Predators, Kevin Labanc - Stopped by Craig Anderson
Philadelphia Flyers, Elias Lindholm - Stopped by Samuel Ersson
Nashville Predators, Morgan Frost - Stopped by Craig Anderson
Philadelphia Flyers, Vladimir Tarasenko - Goal!
Nashville Predators, Thomas Novak - Stopped by Craig Anderson
Penalties :
No Penalty
Goalie Stats
Craig Anderson (PHI), 34 saves from 37 shots - (0.919), W, 8-8-0, 65:00 minutes
Samuel Ersson (NSH), 43 saves from 46 shots - (0.935), OTL, 2-3-2, 65:00 minutes
Players Stats for Philadelphia Flyers
Player Name G A P +/- PIM S H SB GA TA FO MP PP MP PK MP
------------------------------------------------------------------------------------
Artem Zub 0 2 2 0 0 0 2 0 0 1 0/0 14:31 0:00 1:51
Auston Matthews 1 0 1 1 0 8 4 1 1 1 10/22 20:22 5:47 0:57
Ben Chiarot 0 0 0 -1 0 1 3 0 0 1 0/0 19:19 0:00 2:07
Bryan Rust 0 0 0 1 2 1 2 1 0 0 0/1 17:44 5:16 1:27
Elias Lindholm 0 0 0 -1 0 7 2 0 2 0 16/27 21:44 5:16 2:29
Erik Gustafsson 0 1 1 0 2 1 0 1 0 0 0/0 19:09 5:49 0:00
Jesper Fast 1 0 1 0 0 5 2 1 0 0 0/2 12:17 0:00 1:29
Justin Faulk 0 0 0 -1 0 2 2 1 0 0 0/0 25:23 5:13 2:23
Marcus Johansson 0 0 0 -1 0 4 1 1 0 0 0/0 17:29 5:47 0:58
Matt Duchene 1 1 2 1 0 4 2 0 3 0 1/1 19:24 5:47 0:03
Matt Roy 0 0 0 0 0 2 2 0 0 0 0/0 27:31 5:50 2:07
Matthew Peca 0 0 0 0 0 2 2 0 0 1 5/6 10:48 0:00 0:00
Max Pacioretty 0 0 0 -1 0 2 0 0 0 0 0/0 10:29 0:00 0:00
Oliver Ekman-Larsson 0 0 0 0 0 2 0 0 0 0 0/0 24:10 5:13 0:00
Radek Faksa 0 0 0 -1 2 0 2 0 0 0 5/12 11:52 0:00 1:04
Sonny Milano 0 1 1 0 0 2 0 0 1 0 1/1 10:48 0:00 0:00
Tyler Johnson 0 0 0 -1 0 1 2 0 0 0 1/1 11:15 0:00 0:01
Vladimir Tarasenko 0 0 0 -1 0 2 1 0 1 1 0/1 19:45 5:16 0:00
Players Stats for Nashville Predators
Player Name G A P +/- PIM S H SB GA TA FO MP PP MP PK MP
------------------------------------------------------------------------------------
Alex Newhook 0 1 1 1 0 3 1 1 0 0 3/3 19:27 2:14 5:10
Alexander Alexeyev 1 0 1 1 0 2 0 1 0 1 0/0 25:38 2:58 6:23
Brett Leason 1 0 1 1 0 1 0 0 0 0 0/0 7:18 0:00 0:00
Corey Perry 0 1 1 1 0 2 0 0 1 1 5/12 10:32 0:00 0:00
Ethan Bear 0 0 0 1 2 0 1 3 0 1 0/0 15:09 0:00 0:13
Henri Jokiharju 0 0 0 0 4 0 3 0 0 0 0/0 24:02 1:16 3:18
Jacob Peterson 0 1 1 -1 0 6 2 1 0 1 2/2 23:03 2:00 5:31
Jakub Voracek 0 0 0 -1 0 0 1 0 0 0 0/0 14:23 2:00 0:00
Justin Braun 0 1 1 0 0 1 0 0 0 1 0/0 15:20 0:00 1:22
Kevin Labanc 0 0 0 0 2 1 2 0 1 0 0/1 12:27 0:00 0:00
Markus Niemelainen 0 0 0 0 0 0 1 2 0 1 0/0 23:58 2:58 5:09
Morgan Frost 0 0 0 0 4 8 5 0 1 0 9/17 20:56 2:14 4:07
Nate Schmidt 0 0 0 0 0 1 1 4 0 1 0/0 26:03 1:16 5:41
Patrick Maroon 0 1 1 1 2 3 1 0 0 0 1/4 8:19 0:00 0:22
Ryan Carpenter 0 0 0 1 0 0 1 1 0 0 3/5 12:42 0:00 5:24
Sam Gagner 0 0 0 0 0 3 0 0 0 0 1/2 19:06 2:14 1:20
Thomas Novak 0 1 1 -1 0 3 1 0 1 1 10/27 18:00 2:00 0:00
Zemgus Girgensons 1 0 1 1 0 3 0 0 1 0 1/1 10:44 0:00 0:12
3 Stars
1 - Matt Duchene (PHI)
2 - Auston Matthews (PHI)
3 - Samuel Ersson (NSH)
Power Play
Philadelphia Flyers - 1 on 7 Attempt(s) - 14.29%
Nashville Predators - 0 on 3 Attempt(s) - 0.00%
Penalty Kill
Philadelphia Flyers - 3 on 3 Attempt(s) - 100.00%
- Score 0 goal in Penalty Kill
Nashville Predators - 6 on 7 Attempt(s) - 85.71%
- Score 0 goal in Penalty Kill
Team Stat
Philadelphia Flyers - Hits : 29 - Faceoff Wins : 39 - Blocked Shots : 6 - Penalty Minutes : 6
Nashville Predators - Hits : 20 - Faceoff Wins : 35 - Blocked Shots : 13 - Penalty Minutes : 14
Official
Referees : Jean Hebert and Ian Walsh
Linesman : Jay Sharrers and Shane Heyer
Game Notes
9:37 of 1st period - Nashville Predators goal is going for a video replay. After video review, No Goal. The attacking player has interfered with a goalkeeper in his goal crease.
Finance
Level 1 -- Attendance: 4713 (78.55%) -- Ticket Income $471,300
Level 2 -- Attendance: 3910 (78.20%) -- Ticket Income $234,600
Level 3 -- Attendance: 2350 (78.33%) -- Ticket Income $82,250
Level 4 -- Attendance: 3659 (73.18%) -- Ticket Income $91,475
Luxury Box -- Attendance: 766 (76.60%) -- Ticket Income $153,200
Game was played at the Bridgestone Arena.
Total Attendance: 15398 (76.99%)
Total Ticket Income: $1,032,825
Other Income: $361,489
Total Income: $1,394,314
Philadelphia Flyers
5 vs 5 Forward
Center Left Wing Right Wing Time % Phy DF OF
1 Auston Matthews Bryan Rust Matt Duchene 25 1 1 3
2 Elias Lindholm Max Pacioretty Vladimir Tarasenko 25 1 1 3
3 Radek Faksa Marcus Johansson Tyler Johnson 25 1 2 2
4 Matthew Peca Sonny Milano Jesper Fast 25 1 2 2
5 vs 5 Defense
Defense Defense Time % Phy DF OF
1 Justin Faulk Ben Chiarot 35 1 2 2
2 Oliver Ekman-Larsson Matt Roy 35 1 2 2
3 Erik Gustafsson Artem Zub 30 1 2 2
4 Justin Faulk Ben Chiarot 0 1 2 2
PowerPlay Forward
Center Left Wing Right Wing Time % Phy DF OF
1 Auston Matthews Marcus Johansson Matt Duchene 50 0 1 4
2 Elias Lindholm Vladimir Tarasenko Bryan Rust 50 0 1 4
PowerPlay Defense
Defense Defense Time % Phy DF OF
1 Justin Faulk Oliver Ekman-Larsson 50 0 2 3
2 Erik Gustafsson Matt Roy 50 0 2 3
Penalty Kill 4 Players Forward
Center Wing Time % Phy DF OF
1 Radek Faksa Bryan Rust 50 0 4 1
2 Elias Lindholm Jesper Fast 50 0 4 1
Penalty Kill 4 Players Defense
Defense Defense Time % Phy DF OF
1 Ben Chiarot Artem Zub 50 0 5 0
2 Matt Roy Justin Faulk 50 0 5 0
Penalty Kill - 3 Players Forward
Forward Time % Phy DF OF
1 Radek Faksa 50 0 5 0
2 Elias Lindholm 50 0 5 0
Penalty Kill - 3 Players Defense
Defense Defense Time % Phy DF OF
1 Ben Chiarot Artem Zub 50 0 5 0
2 Matt Roy Justin Faulk 50 0 5 0
4 vs 4 Forward
Center Wing Time % Phy DF OF
1 Auston Matthews Vladimir Tarasenko 50 0 2 3
2 Elias Lindholm Matt Duchene 50 0 2 3
4 vs 4 Defense
Defense Defense Time % Phy DF OF
1 Justin Faulk Ben Chiarot 50 1 2 2
2 Oliver Ekman-Larsson Matt Roy 50 1 2 2
Last Minutes Offensive
Center Left Wing Right Wing Defense Defense
Auston Matthews Elias Lindholm Matt Duchene Justin Faulk Oliver Ekman-Larsson
Last Minutes Defensive
Center Left Wing Right Wing Defense Defense
Elias Lindholm Radek Faksa Jesper Fast Ben Chiarot Matt Roy
Goaltenders
Starting : Craig Anderson
Backup : Connor Ingram
Extra Forwards
Normal : Auston Matthews, Elias Lindholm, Matt Duchene - PP : Auston Matthews, Elias Lindholm - PK : Elias Lindholm
Extra Defensemen
Normal : Justin Faulk, Oliver Ekman-Larsson, Erik Gustafsson - PP : Justin Faulk - PK : Ben Chiarot, Erik Gustafsson
Penalty Shots
Auston Matthews, Matt Duchene, Marcus Johansson, Elias Lindholm, Vladimir Tarasenko
Nashville Predators
5 vs 5 Forward
Center Left Wing Right Wing Time % Phy DF OF
1 Thomas Novak Jacob Peterson Jakub Voracek 30 1 2 2
2 Morgan Frost Kevin Labanc Sam Gagner 30 1 2 2
3 Corey Perry Alex Newhook Zemgus Girgensons 25 1 2 2
4 Patrick Maroon Ryan Carpenter Brett Leason 15 1 2 2
5 vs 5 Defense
Defense Defense Time % Phy DF OF
1 Henri Jokiharju Nate Schmidt 35 1 2 2
2 Ethan Bear Alexander Alexeyev 35 1 2 2
3 Markus Niemelainen Justin Braun 30 1 2 2
4 Henri Jokiharju Nate Schmidt 0 1 2 2
PowerPlay Forward
Center Left Wing Right Wing Time % Phy DF OF
1 Thomas Novak Jacob Peterson Jakub Voracek 50 1 2 2
2 Morgan Frost Alex Newhook Sam Gagner 50 1 2 2
PowerPlay Defense
Defense Defense Time % Phy DF OF
1 Nate Schmidt Henri Jokiharju 50 1 2 2
2 Markus Niemelainen Alexander Alexeyev 50 1 2 2
Penalty Kill 4 Players Forward
Center Wing Time % Phy DF OF
1 Ryan Carpenter Jacob Peterson 50 1 2 2
2 Morgan Frost Alex Newhook 50 1 2 2
Penalty Kill 4 Players Defense
Defense Defense Time % Phy DF OF
1 Henri Jokiharju Nate Schmidt 50 1 2 2
2 Alexander Alexeyev Markus Niemelainen 50 1 2 2
Penalty Kill - 3 Players Forward
Forward Time % Phy DF OF
1 Ryan Carpenter 50 1 2 2
2 Morgan Frost 50 1 2 2
Penalty Kill - 3 Players Defense
Defense Defense Time % Phy DF OF
1 Henri Jokiharju Nate Schmidt 50 1 2 2
2 Markus Niemelainen Alexander Alexeyev 50 1 2 2
4 vs 4 Forward
Center Wing Time % Phy DF OF
1 Thomas Novak Jacob Peterson 50 1 2 2
2 Morgan Frost Sam Gagner 50 1 2 2
4 vs 4 Defense
Defense Defense Time % Phy DF OF
1 Henri Jokiharju Nate Schmidt 50 1 2 2
2 Alexander Alexeyev Markus Niemelainen 50 1 2 2
Last Minutes Offensive
Center Left Wing Right Wing Defense Defense
Thomas Novak Jacob Peterson Kevin Labanc Nate Schmidt Henri Jokiharju
Last Minutes Defensive
Center Left Wing Right Wing Defense Defense
Morgan Frost Corey Perry Ryan Carpenter Henri Jokiharju Nate Schmidt
Goaltenders
Starting : Samuel Ersson
Backup : Anthony Stolarz
Extra Forwards
Normal : Thomas Novak, Sam Gagner, Morgan Frost - PP : Sam Gagner, Alex Newhook - PK : Morgan Frost
Extra Defensemen
Normal : Henri Jokiharju, Markus Niemelainen, Nate Schmidt - PP : Markus Niemelainen - PK : Alexander Alexeyev, Markus Niemelainen
Penalty Shots
Jacob Peterson, Jakub Voracek, Kevin Labanc, Morgan Frost, Thomas Novak
% Time on Ice - Philadelphia Flyers
Lines # - Real PCT - Wanted PCT - Time Play
Normal Forward
1 - 25% - 25% - 10:53
2 - 25% - 25% - 10:54
3 - 24% - 25% - 10:25
4 - 25% - 25% - 10:48
Normal Defense
1 - 35% - 35% - 15:00
2 - 37% - 35% - 15:57
3 - 28% - 30% - 12:03
4 - 0% - 0% - 0:00
PP Forward
1 - 52% - 50% - 5:47
2 - 48% - 50% - 5:16
PP Defense
1 - 47% - 50% - 5:13
2 - 53% - 50% - 5:50
PK Forward
1 - 64% - 50% - 2:42
2 - 36% - 50% - 1:32
PK Defense
1 - 50% - 50% - 2:07
2 - 50% - 50% - 2:07
PK3 Forward
1 - 0% - 50%
2 - 0% - 50%
PK3 Defense
1 - 0% - 50%
2 - 0% - 50%
44 Forward
1 - 54% - 50% - 3:38
2 - 46% - 50% - 3:05
44 Defense
1 - 46% - 50% - 3:06
2 - 54% - 50% - 3:37
Last Minute Offensive - 0:00
Last Minute Defensive - 0:00
Total
Forward - 65:00
Defense - 65:00
|
% Time on Ice - Nashville Predators
Lines # - Real PCT - Wanted PCT - Time Play
Normal Forward
1 - 29% - 30% - 12:25
2 - 30% - 30% - 12:45
3 - 24% - 25% - 10:32
4 - 17% - 15% - 7:18
Normal Defense
1 - 38% - 35% - 16:29
2 - 35% - 35% - 15:00
3 - 27% - 30% - 11:31
4 - 0% - 0% - 0:00
PP Forward
1 - 47% - 50% - 2:00
2 - 53% - 50% - 2:14
PP Defense
1 - 30% - 50% - 1:16
2 - 70% - 50% - 2:58
PK Forward
1 - 51% - 50% - 5:38
2 - 49% - 50% - 5:25
PK Defense
1 - 53% - 50% - 5:54
2 - 47% - 50% - 5:09
PK3 Forward
1 - 0% - 50%
2 - 0% - 50%
PK3 Defense
1 - 0% - 50%
2 - 0% - 50%
44 Forward
1 - 56% - 50% - 3:44
2 - 44% - 50% - 2:59
44 Defense
1 - 43% - 50% - 2:52
2 - 57% - 50% - 3:51
Last Minute Offensive - 0:00
Last Minute Defensive - 0:00
Total
Forward - 65:00
Defense - 65:00
|
Play-by-Play
1st period
0:01 of 1st period - Auston Matthews wins face-off versus Thomas Novak in neutral zone.
0:16 of 1st period - Snap shot by Auston Matthews.
0:16 of 1st period - Deflect By Matt Duchene.
0:16 of 1st period - Stopped by Samuel Ersson with a rebound.
0:30 of 1st period - Backhand shot by Sam Gagner.
0:30 of 1st period - Deflect By Morgan Frost.
0:30 of 1st period - Stopped by Craig Anderson without a rebound.
0:31 of 1st period - Morgan Frost wins face-off versus Radek Faksa in Philadelphia Flyers zone.
1:02 of 1st period - Radek Faksa is hit by Morgan Frost and loses puck.
1:11 of 1st period - Wrist shot by Morgan Frost.
1:11 of 1st period - Deflect By Kevin Labanc.
1:11 of 1st period - Shot Misses the Net.
1:11 of 1st period - Puck is out of play.
1:12 of 1st period - Corey Perry wins face-off versus Jesper Fast in Philadelphia Flyers zone.
1:13 of 1st period - Wrist shot by Zemgus Girgensons.
1:13 of 1st period - Shot Misses the Net.
1:37 of 1st period - Brett Leason is hit by Artem Zub and loses puck.
2:04 of 1st period - Bryan Rust is hit by Jakub Voracek and loses puck.
2:19 of 1st period - Wrist shot by Zemgus Girgensons.
2:19 of 1st period - Shot Misses the Net.
2:21 of 1st period - Slapshot by Justin Braun.
2:21 of 1st period - Stopped by Craig Anderson with a rebound.
2:43 of 1st period - Wrist shot by Marcus Johansson.
2:43 of 1st period - Stopped by Samuel Ersson with a rebound.
3:20 of 1st period - Nate Schmidt is hit by Matt Duchene and loses puck.
3:57 of 1st period - Snap shot by Morgan Frost.
3:57 of 1st period - Shot Misses the Net.
4:17 of 1st period - Max Pacioretty is hit by Ryan Carpenter and loses puck.
4:28 of 1st period - Snap shot by Ryan Carpenter.
4:28 of 1st period - Shot Misses the Net.
5:05 of 1st period - Alex Newhook is hit by Matt Roy and loses puck.
5:22 of 1st period - Elias Lindholm is hit by Markus Niemelainen and loses puck.
5:32 of 1st period - Icing by Oliver Ekman-Larsson.
5:33 of 1st period - Elias Lindholm wins face-off versus Thomas Novak in Philadelphia Flyers zone.
5:52 of 1st period - Wrist shot by Elias Lindholm.
5:52 of 1st period - Stopped by Samuel Ersson with a rebound.
5:54 of 1st period - Snap shot by Matt Roy.
5:54 of 1st period - Stopped by Samuel Ersson without a rebound.
5:55 of 1st period - Sonny Milano wins face-off versus Corey Perry in Nashville Predators zone.
6:25 of 1st period - Justin Braun is hit by Jesper Fast and loses puck.
6:36 of 1st period - Wrist shot by Sonny Milano.
6:36 of 1st period - Deflect By Jesper Fast.
6:36 of 1st period - Stopped by Samuel Ersson with a rebound.
6:38 of 1st period - Slapshot by Erik Gustafsson.
6:38 of 1st period - Shot Misses the Net.
6:40 of 1st period - Wrist shot by Artem Zub.
6:40 of 1st period - Shot Misses the Net.
6:42 of 1st period - Wrist shot by Jesper Fast.
6:42 of 1st period - Shot Blocked by Jacob Peterson.
6:50 of 1st period - Snap shot by Jacob Peterson.
6:50 of 1st period - Shot Hit the Post.
6:56 of 1st period - Snap shot by Jacob Peterson.
6:56 of 1st period - Stopped by Craig Anderson without a rebound.
6:57 of 1st period - Sam Gagner wins face-off versus Auston Matthews in Philadelphia Flyers zone.
7:08 of 1st period - Ethan Bear is hit by Matt Duchene and loses puck.
7:24 of 1st period - Minor Penalty to Morgan Frost for Roughing.
7:25 of 1st period - Ryan Carpenter wins face-off versus Auston Matthews in Nashville Predators zone.
7:34 of 1st period - Snap shot by Matt Duchene.
7:34 of 1st period - Shot Misses the Net.
7:36 of 1st period - Slapshot by Justin Faulk.
7:36 of 1st period - Stopped by Samuel Ersson with a rebound.
7:38 of 1st period - Slapshot by Justin Faulk.
7:38 of 1st period - Stopped by Samuel Ersson with a rebound.
7:40 of 1st period - Wrist shot by Marcus Johansson.
7:40 of 1st period - Shot Blocked by Nate Schmidt.
7:42 of 1st period - Slapshot by Justin Faulk.
7:42 of 1st period - Shot Blocked by Alex Newhook.
9:06 of 1st period - Icing by Oliver Ekman-Larsson.
9:07 of 1st period - Zemgus Girgensons wins face-off versus Elias Lindholm in Philadelphia Flyers zone.
9:24 of 1st period - Penalty to Morgan Frost is over, Morgan Frost is back on ice.
9:25 of 1st period - Icing by Marcus Johansson.
9:26 of 1st period - Thomas Novak wins face-off versus Auston Matthews in Philadelphia Flyers zone.
9:35 of 1st period - Snap shot by Thomas Novak.
9:35 of 1st period - Stopped by Craig Anderson with a rebound.
9:37 of 1st period - Wrist shot by Jacob Peterson.
9:37 of 1st period - Nashville Predators goal is going for a video replay.
9:37 of 1st period - The goal is refused. The attacking player has interfered with a goalkeeper in his goal crease..
9:38 of 1st period - Elias Lindholm wins face-off versus Corey Perry in Philadelphia Flyers zone.
10:03 of 1st period - Ben Chiarot is hit by Kevin Labanc and loses puck.
10:38 of 1st period - Markus Niemelainen is hit by Justin Faulk and loses puck.
11:43 of 1st period - Snap shot by Elias Lindholm.
11:43 of 1st period - Stopped by Samuel Ersson without a rebound.
11:44 of 1st period - Morgan Frost wins face-off versus Radek Faksa in Nashville Predators zone.
11:44 of 1st period - Morgan Frost is hit by Tyler Johnson.
11:50 of 1st period - Wrist shot by Kevin Labanc.
11:50 of 1st period - Stopped by Craig Anderson with a rebound.
12:00 of 1st period - Snap shot by Morgan Frost.
12:00 of 1st period - Stopped by Craig Anderson without a rebound.
12:01 of 1st period - Thomas Novak wins face-off versus Auston Matthews in Philadelphia Flyers zone.
12:26 of 1st period - Sam Gagner is hit by Radek Faksa and loses puck.
12:49 of 1st period - Snap shot by Elias Lindholm.
12:49 of 1st period - Stopped by Samuel Ersson with a rebound.
12:51 of 1st period - Snap shot by Vladimir Tarasenko.
12:51 of 1st period - Stopped by Samuel Ersson with a rebound.
12:53 of 1st period - Snap shot by Max Pacioretty.
12:53 of 1st period - Shot Misses the Net.
12:55 of 1st period - Snap shot by Max Pacioretty.
12:55 of 1st period - Stopped by Samuel Ersson without a rebound.
12:56 of 1st period - Auston Matthews wins face-off versus Corey Perry in Nashville Predators zone.
13:03 of 1st period - Slapshot by Matt Duchene.
13:03 of 1st period - Stopped by Samuel Ersson with a rebound.
13:05 of 1st period - Snap shot by Matt Duchene.
13:05 of 1st period - Shot Blocked by Ethan Bear.
13:07 of 1st period - Snap shot by Auston Matthews.
13:07 of 1st period - Stopped by Samuel Ersson with a rebound.
13:09 of 1st period - Slapshot by Matt Roy.
13:09 of 1st period - Stopped by Samuel Ersson with a rebound.
13:11 of 1st period - Snap shot by Auston Matthews.
13:11 of 1st period - Shot Blocked by Ethan Bear.
13:29 of 1st period - Wrist shot by Corey Perry.
13:29 of 1st period - Stopped by Craig Anderson with a rebound.
13:45 of 1st period - Markus Niemelainen is hit by Jesper Fast and loses puck.
14:08 of 1st period - Max Pacioretty is hit by Morgan Frost.
14:12 of 1st period - Ben Chiarot is hit by Morgan Frost and loses puck.
14:24 of 1st period - Minor Penalty to Henri Jokiharju for Slashing.
14:25 of 1st period - Elias Lindholm wins face-off versus Ryan Carpenter in Nashville Predators zone.
15:39 of 1st period - Slapshot by Auston Matthews.
15:39 of 1st period - Stopped by Samuel Ersson with a rebound.
16:24 of 1st period - Penalty to Henri Jokiharju is over, Henri Jokiharju is back on ice.
16:30 of 1st period - Sam Gagner is hit by Bryan Rust and loses puck.
16:51 of 1st period - Snap shot by Jesper Fast.
16:51 of 1st period - Stopped by Samuel Ersson without a rebound.
16:52 of 1st period - Jacob Peterson wins face-off versus Jesper Fast in Nashville Predators zone.
16:55 of 1st period - Wrist shot by Sonny Milano.
16:55 of 1st period - Deflect By Jesper Fast.
16:55 of 1st period - Goal by Jesper Fast - Philadelphia Flyers : 1 - Nashville Predators : 0.
16:56 of 1st period - Tyler Johnson wins face-off versus Thomas Novak in neutral zone.
16:59 of 1st period - Snap shot by Erik Gustafsson.
16:59 of 1st period - Shot Misses the Net.
17:01 of 1st period - Slapshot by Erik Gustafsson.
17:01 of 1st period - Stopped by Samuel Ersson without a rebound.
17:02 of 1st period - Thomas Novak wins face-off versus Radek Faksa in Nashville Predators zone.
17:02 of 1st period - Thomas Novak is hit by Artem Zub.
17:15 of 1st period - Minor Penalty to Radek Faksa for Roughing.
17:16 of 1st period - Elias Lindholm wins face-off versus Thomas Novak in Philadelphia Flyers zone.
17:26 of 1st period - Slapshot by Jacob Peterson.
17:26 of 1st period - Deflect By Thomas Novak.
17:26 of 1st period - Shot Misses the Net.
17:26 of 1st period - Puck is out of play.
17:27 of 1st period - Elias Lindholm wins face-off versus Morgan Frost in Philadelphia Flyers zone.
17:49 of 1st period - Icing by Markus Niemelainen.
17:50 of 1st period - Thomas Novak wins face-off versus Elias Lindholm in Nashville Predators zone.
17:57 of 1st period - Slapshot by Elias Lindholm.
17:57 of 1st period - Stopped by Samuel Ersson without a rebound.
17:58 of 1st period - Elias Lindholm wins face-off versus Morgan Frost in Nashville Predators zone.
18:13 of 1st period - Wrist shot by Morgan Frost.
18:13 of 1st period - Stopped by Craig Anderson with a rebound.
18:23 of 1st period - Elias Lindholm is hit by Jacob Peterson and loses puck.
19:15 of 1st period - Penalty to Radek Faksa is over, Radek Faksa is back on ice.
19:32 of 1st period - Wrist shot by Marcus Johansson.
19:32 of 1st period - Stopped by Samuel Ersson without a rebound.
19:33 of 1st period - Matthew Peca wins face-off versus Corey Perry in Nashville Predators zone.
19:38 of 1st period - Snap shot by Sonny Milano.
19:38 of 1st period - Stopped by Samuel Ersson with a rebound.
19:40 of 1st period - Wrist shot by Jesper Fast.
19:40 of 1st period - Stopped by Samuel Ersson with a rebound.
19:42 of 1st period - Wrist shot by Matthew Peca.
19:42 of 1st period - Stopped by Samuel Ersson with a rebound.
19:44 of 1st period - Wrist shot by Jesper Fast.
19:44 of 1st period - Stopped by Samuel Ersson without a rebound.
19:45 of 1st period - Elias Lindholm wins face-off versus Thomas Novak in Nashville Predators zone.
Goals for this period are 1 for Philadelphia Flyers vs 0 for Nashville Predators.
Shots for this period are 24 for Philadelphia Flyers vs 9 for Nashville Predators.
2nd period
0:01 of 2nd period - Matt Duchene wins face-off versus Morgan Frost in neutral zone.
0:10 of 2nd period - Snap shot by Sam Gagner.
0:10 of 2nd period - Shot Misses the Net.
0:12 of 2nd period - Snap shot by Sam Gagner.
0:12 of 2nd period - Shot Blocked by Erik Gustafsson.
0:14 of 2nd period - Wrist shot by Morgan Frost.
0:14 of 2nd period - Stopped by Craig Anderson without a rebound.
0:15 of 2nd period - Radek Faksa wins face-off versus Thomas Novak in Philadelphia Flyers zone.
0:41 of 2nd period - Oliver Ekman-Larsson is hit by Henri Jokiharju and loses puck.
0:46 of 2nd period - Wrist shot by Morgan Frost.
0:46 of 2nd period - Stopped by Craig Anderson with a rebound.
0:48 of 2nd period - Wrist shot by Morgan Frost.
0:48 of 2nd period - Stopped by Craig Anderson without a rebound.
0:49 of 2nd period - Matthew Peca wins face-off versus Morgan Frost in Philadelphia Flyers zone.
0:49 of 2nd period - Matthew Peca is hit by Morgan Frost.
1:04 of 2nd period - Minor Penalty to Kevin Labanc for Hooking.
1:05 of 2nd period - Auston Matthews wins face-off versus Ryan Carpenter in Nashville Predators zone.
1:37 of 2nd period - Snap shot by Jacob Peterson.
1:37 of 2nd period - Stopped by Craig Anderson with a rebound.
1:39 of 2nd period - Slapshot by Alexander Alexeyev.
1:39 of 2nd period - Deflect By Jacob Peterson.
1:39 of 2nd period - Shot Misses the Net.
1:39 of 2nd period - Puck is out of play.
1:40 of 2nd period - Morgan Frost wins face-off versus Auston Matthews in Philadelphia Flyers zone.
2:44 of 2nd period - Alexander Alexeyev is hit by Auston Matthews and loses puck.
3:04 of 2nd period - Penalty to Kevin Labanc is over, Kevin Labanc is back on ice.
3:18 of 2nd period - Wrist shot by Alex Newhook.
3:18 of 2nd period - Stopped by Craig Anderson with a rebound.
3:26 of 2nd period - Slapshot by Justin Faulk.
3:26 of 2nd period - Shot Blocked by Alexander Alexeyev.
3:52 of 2nd period - Henri Jokiharju is hit by Bryan Rust and loses puck.
4:12 of 2nd period - Ben Chiarot is hit by Henri Jokiharju and loses puck.
4:28 of 2nd period - Thomas Novak is hit by Ben Chiarot and loses puck.
5:15 of 2nd period - Justin Braun is hit by Matthew Peca and loses puck.
5:22 of 2nd period - Sonny Milano is hit by Morgan Frost and loses puck.
5:33 of 2nd period - Oliver Ekman-Larsson is hit by Nate Schmidt.
5:51 of 2nd period - Snap shot by Sonny Milano.
5:51 of 2nd period - Stopped by Samuel Ersson without a rebound.
5:52 of 2nd period - Elias Lindholm wins face-off versus Thomas Novak in Nashville Predators zone.
5:57 of 2nd period - Snap shot by Elias Lindholm.
5:57 of 2nd period - Stopped by Samuel Ersson with a rebound.
5:59 of 2nd period - Backhand shot by Ben Chiarot.
5:59 of 2nd period - Deflect By Alexander Alexeyev.
5:59 of 2nd period - Stopped by Samuel Ersson without a rebound.
6:00 of 2nd period - Thomas Novak wins face-off versus Elias Lindholm in Nashville Predators zone.
6:22 of 2nd period - Slapshot by Alexander Alexeyev.
6:22 of 2nd period - Stopped by Craig Anderson without a rebound.
6:23 of 2nd period - Auston Matthews wins face-off versus Corey Perry in Philadelphia Flyers zone.
6:59 of 2nd period - Slapshot by Marcus Johansson.
6:59 of 2nd period - Shot Misses the Net.
7:11 of 2nd period - Vladimir Tarasenko is hit by Thomas Novak and loses puck.
7:16 of 2nd period - Snap shot by Jacob Peterson.
7:16 of 2nd period - Stopped by Craig Anderson with a rebound.
7:18 of 2nd period - Snap shot by Thomas Novak.
7:18 of 2nd period - Shot Misses the Net.
7:20 of 2nd period - Slapshot by Alexander Alexeyev.
7:20 of 2nd period - Goal by Alexander Alexeyev - Philadelphia Flyers : 1 - Nashville Predators : 1.
7:21 of 2nd period - Jacob Peterson wins face-off versus Auston Matthews in neutral zone.
7:26 of 2nd period - Slapshot by Henri Jokiharju.
7:26 of 2nd period - Shot Misses the Net.
7:56 of 2nd period - Slapshot by Sam Gagner.
7:56 of 2nd period - Stopped by Craig Anderson without a rebound.
7:57 of 2nd period - Radek Faksa wins face-off versus Kevin Labanc in Philadelphia Flyers zone.
8:47 of 2nd period - Wrist shot by Matthew Peca.
8:47 of 2nd period - Stopped by Samuel Ersson with a rebound.
9:03 of 2nd period - Snap shot by Corey Perry.
9:03 of 2nd period - Deflect By Zemgus Girgensons.
9:03 of 2nd period - Stopped by Craig Anderson without a rebound.
9:04 of 2nd period - Elias Lindholm wins face-off versus Thomas Novak in Philadelphia Flyers zone.
9:21 of 2nd period - Minor Penalty to Henri Jokiharju for Tripping.
9:22 of 2nd period - Morgan Frost wins face-off versus Elias Lindholm in Nashville Predators zone.
10:04 of 2nd period - Elias Lindholm is hit by Alex Newhook and loses puck.
10:29 of 2nd period - Alex Newhook is hit by Auston Matthews and loses puck.
11:21 of 2nd period - Penalty to Henri Jokiharju is over, Henri Jokiharju is back on ice.
11:28 of 2nd period - Wrist shot by Patrick Maroon.
11:28 of 2nd period - Shot Misses the Net.
11:44 of 2nd period - Alex Newhook is hit by Tyler Johnson and loses puck.
11:55 of 2nd period - Sonny Milano is hit by Kevin Labanc and loses puck.
12:35 of 2nd period - Icing by Markus Niemelainen.
12:36 of 2nd period - Radek Faksa wins face-off versus Patrick Maroon in Nashville Predators zone.
12:51 of 2nd period - Wrist shot by Brett Leason.
12:51 of 2nd period - Shot Blocked by Justin Faulk.
12:53 of 2nd period - Slapshot by Markus Niemelainen.
12:53 of 2nd period - Shot Blocked by Jesper Fast.
12:59 of 2nd period - Snap shot by Ryan Carpenter.
12:59 of 2nd period - Deflect By Ben Chiarot.
12:59 of 2nd period - Shot Misses the Net.
12:59 of 2nd period - Puck is out of play.
13:00 of 2nd period - Morgan Frost wins face-off versus Auston Matthews in Philadelphia Flyers zone.
13:03 of 2nd period - Wrist shot by Morgan Frost.
13:03 of 2nd period - Stopped by Craig Anderson with a rebound.
13:17 of 2nd period - Snap shot by Auston Matthews.
13:17 of 2nd period - Stopped by Samuel Ersson with a rebound.
13:36 of 2nd period - Snap shot by Thomas Novak.
13:36 of 2nd period - Stopped by Craig Anderson without a rebound.
13:37 of 2nd period - Corey Perry wins face-off versus Radek Faksa in Philadelphia Flyers zone.
13:44 of 2nd period - Wrist shot by Alex Newhook.
13:44 of 2nd period - Deflect By Corey Perry.
13:44 of 2nd period - Shot Misses the Net.
13:44 of 2nd period - Puck is out of play.
13:45 of 2nd period - Corey Perry wins face-off versus Radek Faksa in Philadelphia Flyers zone.
13:46 of 2nd period - Snap shot by Alex Newhook.
13:46 of 2nd period - Shot Misses the Net.
14:19 of 2nd period - Snap shot by Marcus Johansson.
14:19 of 2nd period - Stopped by Samuel Ersson without a rebound.
14:20 of 2nd period - Elias Lindholm wins face-off versus Sam Gagner in Nashville Predators zone.
14:45 of 2nd period - Matt Duchene is hit by Ethan Bear and loses puck.
15:08 of 2nd period - Wrist shot by Ryan Carpenter.
15:08 of 2nd period - Shot Misses the Net.
15:17 of 2nd period - Minor Penalty to Patrick Maroon for Hooking.
15:18 of 2nd period - Auston Matthews wins face-off versus Morgan Frost in Nashville Predators zone.
15:21 of 2nd period - Wrist shot by Auston Matthews.
15:21 of 2nd period - Stopped by Samuel Ersson with a rebound.
15:23 of 2nd period - Snap shot by Marcus Johansson.
15:23 of 2nd period - Stopped by Samuel Ersson with a rebound.
15:25 of 2nd period - Wrist shot by Auston Matthews.
15:25 of 2nd period - Stopped by Samuel Ersson without a rebound.
15:26 of 2nd period - Morgan Frost wins face-off versus Auston Matthews in Nashville Predators zone.
16:09 of 2nd period - Snap shot by Auston Matthews.
16:09 of 2nd period - Goal by Auston Matthews - Philadelphia Flyers : 2 - Nashville Predators : 1.
16:10 of 2nd period - Elias Lindholm wins face-off versus Morgan Frost in neutral zone.
18:59 of 2nd period - Snap shot by Corey Perry.
18:59 of 2nd period - Stopped by Craig Anderson with a rebound.
19:10 of 2nd period - Off-side.
19:11 of 2nd period - Morgan Frost wins face-off versus Auston Matthews in neutral zone.
19:22 of 2nd period - Slapshot by Sam Gagner.
19:22 of 2nd period - Shot Misses the Net.
19:24 of 2nd period - Slapshot by Sam Gagner.
19:24 of 2nd period - Stopped by Craig Anderson with a rebound.
19:26 of 2nd period - Slapshot by Alexander Alexeyev.
19:26 of 2nd period - Shot Blocked by Auston Matthews.
19:36 of 2nd period - Jacob Peterson is hit by Justin Faulk and loses puck.
Goals for this period are 1 for Philadelphia Flyers vs 1 for Nashville Predators.
Shots for this period are 10 for Philadelphia Flyers vs 14 for Nashville Predators.
3rd period
0:01 of 3rd period - Morgan Frost wins face-off versus Radek Faksa in neutral zone.
0:32 of 3rd period - Off-side.
0:33 of 3rd period - Auston Matthews wins face-off versus Thomas Novak in neutral zone.
2:09 of 3rd period - Corey Perry is hit by Auston Matthews and loses puck.
2:14 of 3rd period - Snap shot by Matt Duchene.
2:14 of 3rd period - Stopped by Samuel Ersson with a rebound.
2:18 of 3rd period - Snap shot by Bryan Rust.
2:18 of 3rd period - Stopped by Samuel Ersson with a rebound.
2:28 of 3rd period - Sam Gagner is hit by Elias Lindholm and loses puck.
2:59 of 3rd period - Slapshot by Alex Newhook.
2:59 of 3rd period - Shot Hit the Post.
3:13 of 3rd period - Slapshot by Oliver Ekman-Larsson.
3:13 of 3rd period - Stopped by Samuel Ersson with a rebound.
3:35 of 3rd period - Snap shot by Sam Gagner.
3:35 of 3rd period - Stopped by Craig Anderson without a rebound.
3:36 of 3rd period - Auston Matthews wins face-off versus Morgan Frost in Philadelphia Flyers zone.
4:32 of 3rd period - Off-side.
4:33 of 3rd period - Radek Faksa wins face-off versus Thomas Novak in neutral zone.
4:37 of 3rd period - Minor Penalty to Ethan Bear for Roughing.
4:38 of 3rd period - Ryan Carpenter wins face-off versus Elias Lindholm in Nashville Predators zone.
5:10 of 3rd period - Slapshot by Auston Matthews.
5:10 of 3rd period - Shot Misses the Net.
5:12 of 3rd period - Slapshot by Marcus Johansson.
5:12 of 3rd period - Shot Misses the Net.
5:14 of 3rd period - Wrist shot by Marcus Johansson.
5:14 of 3rd period - Shot Misses the Net.
6:37 of 3rd period - Penalty to Ethan Bear is over, Ethan Bear is back on ice.
6:40 of 3rd period - Ethan Bear is hit by Matt Roy and loses puck.
7:25 of 3rd period - Radek Faksa is hit by Henri Jokiharju and loses puck.
7:42 of 3rd period - Icing by Matthew Peca.
7:43 of 3rd period - Matthew Peca wins face-off versus Thomas Novak in Philadelphia Flyers zone.
7:48 of 3rd period - Jacob Peterson is hit by Ben Chiarot and loses puck.
8:07 of 3rd period - Wrist shot by Tyler Johnson.
8:07 of 3rd period - Stopped by Samuel Ersson without a rebound.
8:08 of 3rd period - Patrick Maroon wins face-off versus Radek Faksa in Nashville Predators zone.
8:15 of 3rd period - Slapshot by Justin Braun.
8:15 of 3rd period - Shot Blocked by Marcus Johansson.
8:17 of 3rd period - Wrist shot by Brett Leason.
8:17 of 3rd period - Goal by Brett Leason - Philadelphia Flyers : 2 - Nashville Predators : 2.
8:18 of 3rd period - Auston Matthews wins face-off versus Thomas Novak in neutral zone.
8:25 of 3rd period - Snap shot by Jacob Peterson.
8:25 of 3rd period - Stopped by Craig Anderson without a rebound.
8:26 of 3rd period - Thomas Novak wins face-off versus Auston Matthews in Philadelphia Flyers zone.
8:37 of 3rd period - Snap shot by Matt Duchene.
8:37 of 3rd period - Goal by Matt Duchene - Philadelphia Flyers : 3 - Nashville Predators : 2.
8:38 of 3rd period - Corey Perry wins face-off versus Elias Lindholm in neutral zone.
8:43 of 3rd period - Snap shot by Alex Newhook.
8:43 of 3rd period - Deflect By Zemgus Girgensons.
8:43 of 3rd period - Stopped by Craig Anderson without a rebound.
8:44 of 3rd period - Elias Lindholm wins face-off versus Corey Perry in Philadelphia Flyers zone.
8:49 of 3rd period - Slapshot by Erik Gustafsson.
8:49 of 3rd period - Shot Blocked by Nate Schmidt.
8:51 of 3rd period - Snap shot by Max Pacioretty.
8:51 of 3rd period - Stopped by Samuel Ersson with a rebound.
8:53 of 3rd period - Snap shot by Artem Zub.
8:53 of 3rd period - Shot Misses the Net.
9:53 of 3rd period - Nate Schmidt is hit by Matthew Peca and loses puck.
9:58 of 3rd period - Slapshot by Sonny Milano.
9:58 of 3rd period - Shot Blocked by Nate Schmidt.
10:00 of 3rd period - Slapshot by Ben Chiarot.
10:00 of 3rd period - Shot Misses the Net.
10:02 of 3rd period - Backhand shot by Justin Faulk.
10:02 of 3rd period - Shot Blocked by Nate Schmidt.
10:24 of 3rd period - Corey Perry is hit by Vladimir Tarasenko and loses puck.
10:45 of 3rd period - Snap shot by Patrick Maroon.
10:45 of 3rd period - Stopped by Craig Anderson with a rebound.
10:47 of 3rd period - Minor Penalty to Bryan Rust for Hooking.
10:48 of 3rd period - Morgan Frost wins face-off versus Elias Lindholm in Philadelphia Flyers zone.
10:59 of 3rd period - Wrist shot by Morgan Frost.
10:59 of 3rd period - Stopped by Craig Anderson without a rebound.
11:00 of 3rd period - Elias Lindholm wins face-off versus Thomas Novak in Philadelphia Flyers zone.
12:28 of 3rd period - Alexander Alexeyev is hit by Marcus Johansson and loses puck.
12:47 of 3rd period - Penalty to Bryan Rust is over, Bryan Rust is back on ice.
12:51 of 3rd period - Snap shot by Tyler Johnson.
12:51 of 3rd period - Shot Misses the Net.
12:57 of 3rd period - Tyler Johnson is hit by Patrick Maroon and loses puck.
13:04 of 3rd period - Snap shot by Patrick Maroon.
13:04 of 3rd period - Stopped by Craig Anderson without a rebound.
13:05 of 3rd period - Matthew Peca wins face-off versus Patrick Maroon in Philadelphia Flyers zone.
13:20 of 3rd period - Slapshot by Sonny Milano.
13:20 of 3rd period - Shot Blocked by Ryan Carpenter.
13:42 of 3rd period - Snap shot by Alex Newhook.
13:42 of 3rd period - Stopped by Craig Anderson without a rebound.
13:43 of 3rd period - Thomas Novak wins face-off versus Auston Matthews in Philadelphia Flyers zone.
13:44 of 3rd period - Wrist shot by Jacob Peterson.
13:44 of 3rd period - Shot Blocked by Bryan Rust.
14:58 of 3rd period - Snap shot by Patrick Maroon.
14:58 of 3rd period - Stopped by Craig Anderson with a rebound.
16:07 of 3rd period - Snap shot by Matt Duchene.
16:07 of 3rd period - Deflect By Auston Matthews.
16:07 of 3rd period - Shot Blocked by Ethan Bear.
16:07 of 3rd period - Puck is out of play.
16:08 of 3rd period - Corey Perry wins face-off versus Matthew Peca in Nashville Predators zone.
16:17 of 3rd period - Slapshot by Alex Newhook.
16:17 of 3rd period - Stopped by Craig Anderson with a rebound.
16:19 of 3rd period - Snap shot by Zemgus Girgensons.
16:19 of 3rd period - Goal by Zemgus Girgensons - Philadelphia Flyers : 3 - Nashville Predators : 3.
16:20 of 3rd period - Radek Faksa wins face-off versus Corey Perry in neutral zone.
16:33 of 3rd period - Zemgus Girgensons is hit by Radek Faksa.
16:54 of 3rd period - Slapshot by Auston Matthews.
16:54 of 3rd period - Stopped by Samuel Ersson with a rebound.
17:39 of 3rd period - Minor Penalty to Morgan Frost for Boarding.
17:40 of 3rd period - Ryan Carpenter wins face-off versus Bryan Rust in Nashville Predators zone.
17:40 of 3rd period - Ryan Carpenter is hit by Elias Lindholm.
17:53 of 3rd period - Snap shot by Jacob Peterson.
17:53 of 3rd period - Stopped by Craig Anderson with a rebound.
17:55 of 3rd period - Minor Penalty to Erik Gustafsson for Interference.
17:56 of 3rd period - Thomas Novak wins face-off versus Auston Matthews in Philadelphia Flyers zone.
18:25 of 3rd period - Sam Gagner is hit by Ben Chiarot and loses puck.
18:32 of 3rd period - Snap shot by Elias Lindholm.
18:32 of 3rd period - Stopped by Samuel Ersson without a rebound.
18:33 of 3rd period - Elias Lindholm wins face-off versus Thomas Novak in Nashville Predators zone.
18:44 of 3rd period - Wrist shot by Elias Lindholm.
18:44 of 3rd period - Deflect By Matt Duchene.
18:44 of 3rd period - Shot Blocked by Markus Niemelainen.
18:44 of 3rd period - Puck is out of play.
18:45 of 3rd period - Elias Lindholm wins face-off versus Thomas Novak in Nashville Predators zone.
18:48 of 3rd period - Slapshot by Elias Lindholm.
18:48 of 3rd period - Stopped by Samuel Ersson with a rebound.
18:50 of 3rd period - Slapshot by Matt Roy.
18:50 of 3rd period - Shot Misses the Net.
18:52 of 3rd period - Snap shot by Elias Lindholm.
18:52 of 3rd period - Shot Blocked by Markus Niemelainen.
19:10 of 3rd period - Thomas Novak is hit by Auston Matthews and loses puck.
19:28 of 3rd period - Icing by Sam Gagner.
19:29 of 3rd period - Alex Newhook wins face-off versus Elias Lindholm in Nashville Predators zone.
19:34 of 3rd period - Snap shot by Nate Schmidt.
19:34 of 3rd period - Stopped by Craig Anderson without a rebound.
19:35 of 3rd period - Alex Newhook wins face-off versus Elias Lindholm in Philadelphia Flyers zone.
19:39 of 3rd period - Penalty to Morgan Frost is over, Morgan Frost is back on ice.
19:55 of 3rd period - Penalty to Erik Gustafsson is over, Erik Gustafsson is back on ice.
19:58 of 3rd period - Off-side.
19:59 of 3rd period - Matthew Peca wins face-off versus Patrick Maroon in neutral zone.
Goals for this period are 1 for Philadelphia Flyers vs 2 for Nashville Predators.
Shots for this period are 9 for Philadelphia Flyers vs 13 for Nashville Predators.
Overtime #1
0:01 of 1st overtime period - Thomas Novak wins face-off versus Vladimir Tarasenko in neutral zone.
0:12 of 1st overtime period - Wrist shot by Thomas Novak.
0:12 of 1st overtime period - Stopped by Craig Anderson without a rebound.
0:13 of 1st overtime period - Elias Lindholm wins face-off versus Thomas Novak in Philadelphia Flyers zone.
0:41 of 1st overtime period - Icing by Auston Matthews.
0:42 of 1st overtime period - Auston Matthews wins face-off versus Morgan Frost in Philadelphia Flyers zone.
0:47 of 1st overtime period - Snap shot by Oliver Ekman-Larsson.
0:47 of 1st overtime period - Deflect By Morgan Frost.
0:47 of 1st overtime period - Stopped by Samuel Ersson with a rebound.
0:49 of 1st overtime period - Slapshot by Vladimir Tarasenko.
0:49 of 1st overtime period - Stopped by Samuel Ersson with a rebound.
0:51 of 1st overtime period - Slapshot by Oliver Ekman-Larsson.
0:51 of 1st overtime period - Deflect By Auston Matthews.
0:51 of 1st overtime period - Stopped by Samuel Ersson without a rebound.
0:52 of 1st overtime period - Auston Matthews wins face-off versus Thomas Novak in Nashville Predators zone.
1:16 of 1st overtime period - Icing by Alexander Alexeyev.
1:17 of 1st overtime period - Thomas Novak wins face-off versus Elias Lindholm in Nashville Predators zone.
3:53 of 1st overtime period - Icing by Vladimir Tarasenko.
3:54 of 1st overtime period - Alex Newhook wins face-off versus Elias Lindholm in Philadelphia Flyers zone.
4:15 of 1st overtime period - Auston Matthews is hit by Jacob Peterson.
Goals for this period are 0 for Philadelphia Flyers vs 0 for Nashville Predators.
Shots for this period are 3 for Philadelphia Flyers vs 1 for Nashville Predators.
ShootOut
5:00 of 1st overtime period - Round #1.
5:00 of 1st overtime period - Philadelphia Flyers, Auston Matthews.
5:00 of 1st overtime period - Backhand shot by Auston Matthews.
5:00 of 1st overtime period - Shot Misses the Net.
5:00 of 1st overtime period - Nashville Predators, Jacob Peterson.
5:00 of 1st overtime period - Wrist shot by Jacob Peterson.
5:00 of 1st overtime period - Shot Misses the Net.
5:00 of 1st overtime period - Round #2.
5:00 of 1st overtime period - Philadelphia Flyers, Matt Duchene.
5:00 of 1st overtime period - Snap shot by Matt Duchene.
5:00 of 1st overtime period - Stopped by Samuel Ersson.
5:00 of 1st overtime period - Nashville Predators, Jakub Voracek.
5:00 of 1st overtime period - Snap shot by Jakub Voracek.
5:00 of 1st overtime period - Stopped by Craig Anderson.
5:00 of 1st overtime period - Round #3.
5:00 of 1st overtime period - Philadelphia Flyers, Marcus Johansson.
5:00 of 1st overtime period - Wrist shot by Marcus Johansson.
5:00 of 1st overtime period - Shot Misses the Net.
5:00 of 1st overtime period - Nashville Predators, Kevin Labanc.
5:00 of 1st overtime period - Backhand shot by Kevin Labanc.
5:00 of 1st overtime period - Stopped by Craig Anderson.
5:00 of 1st overtime period - Round #4.
5:00 of 1st overtime period - Philadelphia Flyers, Elias Lindholm.
5:00 of 1st overtime period - Backhand shot by Elias Lindholm.
5:00 of 1st overtime period - Stopped by Samuel Ersson.
5:00 of 1st overtime period - Nashville Predators, Morgan Frost.
5:00 of 1st overtime period - Wrist shot by Morgan Frost.
5:00 of 1st overtime period - Stopped by Craig Anderson.
5:00 of 1st overtime period - Round #5.
5:00 of 1st overtime period - Philadelphia Flyers, Vladimir Tarasenko.
5:00 of 1st overtime period - Backhand shot by Vladimir Tarasenko.
5:00 of 1st overtime period - Goal by Vladimir Tarasenko.
5:00 of 1st overtime period - Nashville Predators, Thomas Novak.
5:00 of 1st overtime period - Snap shot by Thomas Novak.
5:00 of 1st overtime period - Stopped by Craig Anderson.
Back to the Top